 Dungeon Crawl Stone Soup version 0.21.1-1-g345015fe64 (webtiles) character file.

157 LevaFresel the Covered (level 5, -4/41 HPs)
             Began as a Human Fighter on June 8, 2018.
             Slain by a river rat (7 damage)
             ... on level 3 of the Dungeon.
             The game lasted 00:11:49 (2105 turns).

LevaFresel the Covered (Human Fighter)              Turns: 2105, Time: 00:11:49

Health: -4/41      AC:  6    Str: 17    XL:     5   Next: 66%
Magic:  5/5        EV:  8    Int:  8    God:
Gold:   199        SH:  9    Dex: 13    Spells: 4/4 levels left

rFire    . . .     SeeInvis .   a - +0 long sword
rCold    . . .     Gourm    .   c - +0 shield
rNeg     . . .     Faith    .   b - +0 scale mail
rPois    .         Spirit   .   (no helmet)
rElec    .         Reflect  .   (no cloak)
rCorr    .         Harm     .   (no gloves)
MR       .....                  (no boots)
Stlth    ..........             (no amulet)
HPRegen  0.13/turn              (no ring)
MPRegen  0.09/turn              (no ring)

@: very slow
A: no striking features
a: no special abilities


You were on level 3 of the Dungeon.
You were very hungry.

You visited 1 branch of the dungeon, and saw 3 of its levels.

You collected 199 gold pieces.

Inventory:

Hand Weapons
 a - a +0 long sword (weapon)
Armour
 b - a +0 scale mail (worn)
 c - a +0 shield (worn)
Scrolls
 g - 4 scrolls of identify
 h - 3 scrolls of remove curse {unknown}
 j - a scroll of enchant armour {unknown}
 l - a scroll of teleportation {unknown}
 o - a scroll of immolation {unknown}
Potions
 e - 2 potions of lignification {unknown}
 i - 2 potions of curing
 k - a potion of brilliance {unknown}
 m - a potion of agility {unknown}
Comestibles
 f - 5 rations


   Skills:
 + Level 3.6 Fighting
 * Level 3.4 Long Blades
 + Level 3.6 Armour
 + Level 1.6 Dodging
 + Level 3.6 Shields


You had 4 spell levels left.
You didn't know any spells.

Dungeon Overview and Level Annotations

Branches:
Dungeon (3/15)

Altars:

Portals:
Sewer: D:3


Message History

The river rat is moderately wounded.
The river rat bites you but does no damage.
The ball python bites you but does no damage.
The ball python constricts you. The river rat bites you.
* * * LOW HITPOINT WARNING * * *
Your shield and scale mail prevent you from hitting the river rat.
The river rat is moderately wounded.
You block the ball python's attack. The ball python constricts you.
The river rat bites you but does no damage.
The ball python bites you.
* * * LOW HITPOINT WARNING * * *
The ball python constricts you.
The ball python's grasp on you weakens, but your attempt to escape fails.
The ball python barely misses you. The ball python constricts you.
The river rat bites you.
* * * LOW HITPOINT WARNING * * *
You escape the ball python's grasp.
You enter the shallow water.
Moving in this stuff is going to be slow.
The river rat bites you!
You die...

##########
#≈≈≈+≈≈..#
#≈∩≈#≈≈..#
#≈≈rS≈≈≈.#
#####r@..#
#≈≈≈≈≈≈..##
#≈≈≈≈.....#
#.≈≈....†.#
#.........#
####.####.#
#......#
######.#
#.#


You could see 2 river rats and a ball python.

Vanquished Creatures
  3 adders
  3 river rats
  2 oozes (D:3)
  6 worms
  2 dart slugs (D:1)
  2 leopard geckos
  2 giant cockroaches
  6 goblins
  4 hobgoblins
  9 jackals
  12 kobolds
  A ball python (D:1)
  9 bats
  5 frilled lizards
  A jackal skeleton (D:3)
  11 rats
78 creatures vanquished.

Notes
Turn   | Place    | Note
-------+----------+-------------------------------------------
     0 | D:1      | LevaFresel the Human Fighter began the quest for the Orb.
     0 | D:1      | Reached XP level 1. HP: 18/18 MP: 1/1
   199 | D:2      | Reached XP level 2. HP: 24/24 MP: 2/2
   488 | D:1      | Reached XP level 3. HP: 28/29 MP: 3/3
   987 | D:1      | Reached skill level 1 in Dodging
  1445 | D:2      | Reached XP level 4. HP: 34/35 MP: 4/4
  1884 | D:3      | Reached XP level 5. HP: 24/41 MP: 5/5
  2048 | D:3      | HP: 1/41 [river rat (5)]
  2097 | D:3      | Found a glowing drain.
  2105 | D:3      | Slain by a river rat

Skill      XL: |  1  2  3  4 |
---------------+-------------+-----
Dodging        | 1 |  1.6
Long Blades    | 3 |  3.4
Fighting       | |  3.6
Armour         | |  3.6
Shields        | |  3.6

Action                   |  1- 3 |  4- 6 || total
-------------------------+-------+-------++-------
Melee: Long sword        |   124 |   148 ||   272
  Use: Scroll            |     1 |       ||     1
       Potion            |       |     3 ||     3
  Eat: Ration            |     1 |       ||     1
Armor: Scale mail        |    63 |    97 ||   160
Dodge: Dodged            |    51 |    68 ||   119
Block: Shield            |    79 |   114 ||   193
       Rpst.: Long sword |    18 |    21 ||    39
